 Dungeon Crawl Stone Soup version 0.30-a0-639-g3916f1956a (webtiles) character file.

Game seed: 1770455264212075520

5368 wormed the Cleaver (level 10, 0/73 HPs)
             Began as a Gnoll Chaos Knight on Jan 17, 2023.
             Was a Plaything of Xom.
             Slain by Erica
             ... wielding a +4 scimitar of flaming
              (4 damage)
             ... on level 9 of the Dungeon.
             The game lasted 00:12:21 (8362 turns).

wormed the Cleaver (Gnoll Chaos Knight)             Turns: 8362, Time: 00:12:22

Health: 0/73       AC: 18    Str: 10    XL:     10   Next: 65%
Magic:  17/18      EV: 13    Int: 14    God:    Xom [.....*]
Gold:   251        SH:  5    Dex: 17    Spells: 20/20 levels left

rFire   . . .      SeeInvis .    y - +2 quarterstaff (chaos)
rCold   + . .      Faith    .    (shield currently unavailable)
rNeg    . . .      Spirit   .    q - +5 ring mail of Fallacy {rPois Stlth+}
rPois   +          Reflect  +    (no helmet)
rElec   .          Harm     .    x - +0 cloak
rCorr   .          Rampage  .    k - +1 pair of gloves
Will    ++...      Clarity  +    f - +1 pair of boots {Fly}
Stlth   ++++                     r - amulet of reflection
HPRegen 0.32/turn                h - ring of poison resistance
MPRegen 0.16/turn                z - +6 ring of dexterity

@: flying
A: fangs 1, strong nose, distributed training, clarity, clumsy 1, cold
resistance 1, frail 1, strong-willed 2, screaming 1, shaggy fur 1, weak 1,
evolution 1
a: Renounce Religion


You were on level 9 of the Dungeon.
You worshipped Xom.
You were Xom's teddy bear.
You visited 1 branch of the dungeon, and saw 9 of its levels.

You collected 651 gold pieces.
You spent 400 gold pieces at shops.

Inventory:

Hand Weapons
 a - a +1 hand axe of chaos
 y - a +2 quarterstaff of chaos (weapon)
Missiles
 u - 14 poisoned darts
 C - 4 curare-tipped darts
 E - a throwing net
Armour
 f - a +1 pair of boots of flying (worn)
 k - a +1 pair of gloves (worn)
 q - the +5 ring mail of Fallacy (worn) {rPois Stlth+}
   (You bought it in a shop on level 5 of the Dungeon)

   rPois:     It protects you from poison.
   Stlth:     It makes you more stealthy.
 x - a +0 cloak (worn)
Jewellery
 h - a ring of poison resistance (left hand)
 r - an amulet of reflection (around neck)
 z - a +6 ring of dexterity (right hand)
Wands
 b - a wand of mindburst (15)
 v - a wand of paralysis (18)
 w - a wand of flame (47)
 F - a wand of iceblast (10)
Scrolls
 e - 4 scrolls of teleportation
 m - a scroll of fog
 A - 2 scrolls of poison
 D - a scroll of magic mapping
 G - 2 scrolls of fear
Potions
 d - 4 potions of curing
 g - 4 potions of mutation
 i - 3 potions of attraction
 j - 2 potions of flight
 l - a potion of lignification
 n - a potion of berserk rage
 o - a potion of haste
 p - 2 potions of brilliance
 t - 3 potions of resistance
 B - a potion of might {unknown}
Miscellaneous
 c - a piece from Xom's chessboard (15/15) (quivered)


   Skills:
 + Level 8.8 Fighting
 + Level 5.7 Short Blades
 + Level 5.7 Long Blades
 + Level 8.8 Axes
 + Level 5.7 Maces & Flails
 + Level 5.7 Polearms
 + Level 5.7 Staves
 + Level 5.7 Ranged Weapons
 + Level 5.7 Throwing
 + Level 7.4 Armour
 + Level 6.3 Dodging
 + Level 5.7 Stealth
 + Level 5.7 Shields
 + Level 5.7 Unarmed Combat
 + Level 5.7 Spellcasting
 + Level 4.7 Conjurations
 + Level 4.7 Hexes
 + Level 4.7 Summonings
 + Level 4.7 Necromancy
 + Level 4.7 Translocations
 + Level 4.7 Transmutations
 + Level 4.7 Fire Magic
 + Level 4.7 Ice Magic
 + Level 4.7 Air Magic
 + Level 4.7 Earth Magic
 + Level 4.7 Poison Magic
 + Level 6.2 Invocations
 + Level 5.7 Evocations


You had 20 spell levels left.
You didn't know any spells.
Your spell library contained the following spells:

 Spells                   Type           Power      Damage    Failure   Level
 Necrotise                Necr           68%        1d7       5%          1
 Blink                    Tloc           34%        N/A       8%          2
 Cigotuvi's Dreadful Rot  Necr/Pois/Air  34%        N/A       8%          2
 Static Discharge         Conj/Air       34%        2-4/arc   8%          2
 Inner Flame              Hex/Fire       17%        N/A       16%         3
 Vampiric Draining        Necr           17%        2d7       16%         3
 Vhi's Electric Charge    Tloc/Air       34%        N/A       16%         3
 Dispel Undead            Necr           17%        3d10      45%         4
 Flame Wave               Conj/Fire      17%        2d7       45%         4
 Manifold Assault         Tloc           17%        N/A       45%         4
 Sticky Flame             Conj/Fire      17%        2d4       45%         4
 Agony                    Necr           17%        N/A       82%         5
 Arcjolt                  Conj/Air       8%         1d18      82%         5
 Lightning Bolt           Conj/Air       8%         1d21      82%         5
 Death Channel            Necr           8%         N/A       100%        6
 Storm Form               Tmut/Air       8%         N/A       100%        7
 Maxwell's Capacitive Co  Air            8%         ∞         100%        8


Dungeon Overview and Level Annotations

Branches:
Dungeon (9/15)             Temple (0/1) D:5
   Lair: D:8-11         Orc: D:9-12

Altars:
Cheibriados
Elyvilon
Kikubaaqudgha
Qazlal
Uskayaw
Wu Jian

Shops:
D:5 [[!=[   D:8 *

Annotations:
D:7 3 runed translucent doors, brightshaft's ghost, novice DjFE
D:8 2 transporters, Darkkill's ghost, novice MiHu
D:9 Erica


Innate Abilities, Weirdness & Mutations

You have very sharp teeth.
Your uncanny sense of smell can sniff out nearby items.
Your experience applies equally to all skills.
You possess an exceptional clarity of mind.
You are clumsy. (Dex -2)
Your flesh is cold resistant. (rC+)
You are frail. (-10% HP)
You are highly strong-willed. (Will++)
You occasionally shout uncontrollably at your foes.
You are covered in fur. (AC +1)
You are weak. (Str -2)
You have hidden genetic potential.


Message History

You block the orc's attack. You block the kobold brigand's attack.
You block the kobold's attack. Something hits you.
* * * LOW HITPOINT WARNING * * *
Something burns you.
* * * LOW HITPOINT WARNING * * *
As you read the scroll of fear, it crumbles to dust.
You assume a fearsome visage.
The kobold brigand looks frightened!
The kobold looks frightened!
The orc warrior looks frightened!
The orc looks frightened! x2; You feel sick.
Something hits you!
* * * LOW HITPOINT WARNING * * *
Something burns you.
* * * LOW HITPOINT WARNING * * *
You feel much better.
You feel sick. Something hits you!
* * * LOW HITPOINT WARNING * * *
Something burns you.
* * * LOW HITPOINT WARNING * * *
You feel much better.
You feel sick. Something hits you but does no damage.
You completely miss something. Your bite misses something.
You feel sick. Something hits you but does no damage.
You hit something.
You feel sick. Something hits you but does no damage.
You barely miss something.
You feel sick.
You are no longer poisoned.
Something hits you but does no damage.
You sock something! Your bite misses something. Something barely misses you.
You hit something. Something hits you!
* * * LOW HITPOINT WARNING * * *
Something burns you.
* * * LOW HITPOINT WARNING * * *
You sock something!
Xom thinks this is hilarious!
Nothing appears to happen.
Something hits you but does no damage.
You hit something.
Nothing appears to happen.
Something hits you!
* * * LOW HITPOINT WARNING * * *
Something burns you.
* * * LOW HITPOINT WARNING * * *
Something hits you!
* * * LOW HITPOINT WARNING * * *
Something burns you.
You die... "I guess I need a new plaything now."

∆ #. #. # #. #
#.##.######.#.
#.............
#.....).......
##.....@.......
.......{.......
#..........####
+..............
#..........####
.........(.#
#..........#
#..........#
#..........#


There were no monsters in sight!

Vanquished Creatures
  A two-headed ogre (D:8)
  Joseph (D:7)
  A hog (D:6)
  A wyvern (D:8)
  Eustachio (D:4)
  A water moccasin (D:7)
  An acid dragon (D:6)
  An orc warrior (D:7)
  5 black bears
  3 ice beasts
  2 ogres
  A phantom (D:6)
  6 bullfrogs
  2 gnoll sergeants
  4 scorpions
  5 wights (D:8)
  3 vampire bats (D:6)
  7 killer bees (D:8)
  2 howler monkeys
  Crazy Yiuf (D:4)
  3 hounds
  A jelly (D:6)
  4 orc priests
  3 iguanas
  5 orc wizards
  6 gnolls
  8 adders
  A shadow imp (D:7)
  A white imp (D:7)
  An ufetubus (D:3)
  A worm (D:4)
  3 dart slugs
  29 orcs
  3 ball pythons
  A bat skeleton (D:6)
  3 bat zombies (D:6)
  5 endoplasms
  3 giant cockroaches
  8 goblins
  8 hobgoblins
  15 jackals
  5 quokkas
  7 bats
  3 frilled lizards
  10 kobolds
  A rat (D:2)
187 creatures vanquished.

Vanquished Creatures (collateral kills)
  Maggie (D:8)
  A bullfrog (D:8)
  2 wights (D:8)
  A gnoll (D:7)
5 creatures vanquished.

Vanquished Creatures (others)
  A wight (D:8)
  A gnoll (D:7)
  An orc (D:9)
  A kobold (D:9)
  3 fungi (D:7)
  3 plants
10 creatures vanquished.

Grand Total: 202 creatures vanquished

Notes
Turn   | Place    | Note
-------+----------+-------------------------------------------
     0 | D:1      | wormed the Gnoll Chaos Knight began the quest for the Orb.
     0 | D:1      | Reached XP level 1. HP: 23/23 MP: 1/1
    92 | D:1      | XOM: divination: detect creatures
   233 | D:1      | Reached XP level 2. HP: 29/29 MP: 2/2
   438 | D:1      | Reached XP level 3. HP: 32/35 MP: 3/3
   646 | D:1      | XOM: silly message
   661 | D:1      | Reached skill level 1 in Invocations
   838 | D:2      | Reached skill level 1 in Short Blades
   838 | D:2      | Reached skill level 1 in Long Blades
   838 | D:2      | Reached skill level 1 in Maces & Flails
   838 | D:2      | Reached skill level 1 in Polearms
   838 | D:2      | Reached skill level 1 in Staves
   838 | D:2      | Reached skill level 1 in Ranged Weapons
   838 | D:2      | Reached skill level 1 in Throwing
   838 | D:2      | Reached skill level 1 in Stealth
   838 | D:2      | Reached skill level 1 in Shields
   838 | D:2      | Reached skill level 1 in Unarmed Combat
   838 | D:2      | Reached skill level 1 in Spellcasting
   838 | D:2      | Reached skill level 1 in Evocations
  1062 | D:2      | Reached XP level 4. HP: 38/41 MP: 5/5
  1557 | D:2      | Noticed a scorpion
  1562 | D:2      | XOM: confusion
  1580 | D:2      | Killed a scorpion
  1581 | D:2      | Reached skill level 1 in Conjurations
  1581 | D:2      | Reached skill level 1 in Hexes
  1581 | D:2      | Reached skill level 1 in Summonings
  1581 | D:2      | Reached skill level 1 in Necromancy
  1581 | D:2      | Reached skill level 1 in Translocations
  1581 | D:2      | Reached skill level 1 in Transmutations
  1581 | D:2      | Reached skill level 1 in Fire Magic
  1581 | D:2      | Reached skill level 1 in Ice Magic
  1581 | D:2      | Reached skill level 1 in Air Magic
  1581 | D:2      | Reached skill level 1 in Earth Magic
  1581 | D:2      | Reached skill level 1 in Poison Magic
  1581 | D:2      | Reached XP level 5. HP: 47/47 MP: 5/7
  2366 | D:3      | XOM: noise
  2436 | D:4      | XOM: give mutations
  2436 | D:4      | Gained mutation: You are clumsy. (Dex -2) [Xom's mischief]
  2436 | D:4      | Gained mutation: You occasionally shout uncontrollably at
                  | your foes. [Xom's mischief]
  2470 | D:4      | Noticed Eustachio
  2506 | D:4      | Killed Eustachio
  2507 | D:4      | Reached skill level 5 in Armour
  2507 | D:4      | Reached XP level 6. HP: 20/53 MP: 7/9
  2846 | D:4      | XOM: 3-stop teleportation journey
  3411 | D:4      | Found a runed translucent door.
  3412 | D:4      | Noticed Crazy Yiuf
  3495 | D:4      | XOM: summons 2 friendly demons
  3502 | D:4      | Killed Crazy Yiuf
  3503 | D:4      | Reached XP level 7. HP: 28/60 MP: 7/10
  3623 | D:5      | Entered Level 5 of the Dungeon
  3716 | D:5      | Found a staircase to the Ecumenical Temple.
  3748 | D:5      | Found Ceown's Jewellery Emporium.
  3832 | D:5      | Found a white marble altar of Elyvilon.
  3836 | D:5      | XOM: 1-stop teleportation journey
  3923 | D:5      | Found a hide-covered altar of Uskayaw.
  3993 | D:5      | Found Onoraq's Antique Armour Shop.
  3998 | D:5      | Found Visigyla's Armour Boutique.
  4003 | D:5      | Reached XP level 8. HP: 62/67 MP: 12/12
  4038 | D:5      | Bought a crude ring mail for 243 gold pieces
  4038 | D:5      | Identified the +5 ring mail of Fallacy {rPois Stlth+} (You
                  | bought it in a shop on level 5 of the Dungeon)
  4074 | D:5      | Found Govax's Distillery.
  4159 | D:5      | Found Pidghe's Antique Armour Shoppe.
  4478 | D:6      | XOM: noise
  4612 | D:6      | XOM: swap monsters
  4615 | D:6      | XOM: enchant monster (bad)
  4787 | D:6      | XOM: swap monsters
  4892 | D:6      | Found an ornate altar of the Wu Jian Council.
  4943 | D:6      | XOM: blink monster(s)
  4945 | D:6      | XOM: stat loss: -1 Str (11/12)
  4946 | D:6      | XOM: polymorph water moccasin -> hog
  4954 | D:6      | XOM: swap monsters
  4957 | D:6      | Reached XP level 9. HP: 58/73 MP: 13/15
  5100 | D:6      | Found a snail-covered altar of Cheibriados.
  5129 | D:6      | XOM: confuse monster(s)
  5233 | D:6      | Reached skill level 5 in Dodging
  5262 | D:6      | XOM: give mutations
  5262 | D:6      | Gained mutation: You are weak. (Str -2) [Xom's mischief]
  5262 | D:6      | Gained mutation: You are frail. (-10% HP) [Xom's mischief]
  5404 | D:6      | Found an ancient bone altar of Kikubaaqudgha.
  5606 | D:6      | Found a stormy altar of Qazlal.
  5756 | D:5      | Bought a pair of glowing boots for 157 gold pieces
  5889 | D:7      | XOM: confuse monster(s)
  6104 | D:7      | Noticed Joseph
  6106 | D:7      | XOM: cast spell 'Leda's Liquefaction'
  6112 | D:7      | XOM: potion effect (might)
  6116 | D:7      | Killed Joseph
  6117 | D:7      | Reached skill level 5 in Invocations
  6134 | D:7      | Noticed a kobold demonologist
  6135 | D:7      | Found a runed translucent gate.
  6136 | D:7      | Found a runed translucent gate.
  6136 | D:7      | Noticed brightshaft's ghost (novice DjFE)
  6137 | D:7      | Found a runed translucent gate.
  6164 | D:7      | XOM: potion effect (brilliance)
  6529 | D:7      | XOM: 7-stop teleportation journey
  6549 | D:7      | XOM: enchant monster (good)
  6749 | D:7      | Reached skill level 5 in Short Blades
  6749 | D:7      | Reached skill level 5 in Long Blades
  6749 | D:7      | Reached skill level 5 in Maces & Flails
  6749 | D:7      | Reached skill level 5 in Polearms
  6749 | D:7      | Reached skill level 5 in Staves
  6749 | D:7      | Reached skill level 5 in Ranged Weapons
  6749 | D:7      | Reached skill level 5 in Throwing
  6749 | D:7      | Reached skill level 5 in Stealth
  6749 | D:7      | Reached skill level 5 in Shields
  6749 | D:7      | Reached skill level 5 in Unarmed Combat
  6749 | D:7      | Reached skill level 5 in Spellcasting
  6749 | D:7      | Reached skill level 5 in Evocations
  6749 | D:7      | Reached XP level 10. HP: 66/72 MP: 17/17
  6857 | D:7      | XOM: god gift: scroll of vulnerability
  7090 | D:8      | Found a transporter.
  7115 | D:8      | Found a transporter.
  7115 | D:8      | Noticed Darkkill's ghost (novice MiHu)
  7245 | D:8      | Noticed a two-headed ogre
  7257 | D:8      | XOM: summons friendly crimson imp
  7259 | D:8      | Killed a two-headed ogre
  7530 | D:8      | XOM: give mutations
  7530 | D:8      | Gained mutation: You are strong-willed. (Will+) [Xom's
                  | grace]
  7530 | D:8      | Gained mutation: You have hidden genetic potential. [Xom's
                  | grace]
  7530 | D:8      | Gained mutation: You are highly strong-willed. (Will++)
                  | [Xom's grace]
  7608 | D:8      | XOM: give mutations
  7608 | D:8      | Gained mutation: You possess an exceptional clarity of
                  | mind. [Xom's grace]
  7608 | D:8      | Gained mutation: You are covered in fur. (AC +1) [Xom's
                  | grace]
  7608 | D:8      | Gained mutation: Your flesh is cold resistant. (rC+) [Xom's
                  | grace]
  7618 | D:8      | XOM: god gift: 3 stones
  7743 | D:8      | Noticed Maggie
  7746 | D:8      | XOM: summons 7 friendly demons
  7766 | D:8      | Killed Maggie
  8008 | D:8      | XOM: fog
  8093 | D:8      | Found Faib's General Store.
  8339 | D:9      | Noticed Erica
  8362 | D:9      | Slain by Erica

Illustrated notes

Levels and vault maps discovered:
D:1:      onia_arrival_pyramid, layout_basic
D:2:      layout_loops_corners
D:3:      layout_rooms
D:4:      corexii_shack_village, layout_layer_cave, serial_park_tiny_2,
          uniq_crazy_yiuf_cottage, uniq_eustachio
D:5:      layout_gridville, amcnicky_altar_gilded, mainiacjoe_overflow_paths,
          minmay_temple_entry_drinking_statues, serial_shops, shop,
          nicolae_shop_overgrown_old_shop, shop, shop, nicolae_diamond_shop
D:6:      layout_gridville, kennysheep_vampire_church,
          mainiacjoe_overflow_tiny_flanked, chei_slow_surprise,
          lemuel_coloured_pillars_altar
D:7:      layout_loops_ring, gammafunk_ghost_nasty_kobolds,
          chequers_hall_statues_wall_a, uniq_joseph
D:8:      layout_basic, serial_shops, shop, gammafunk_ghost_stat_death,
          uniq_maggie
D:9:      layout_basic, demons_altar, gammafunk_temple_overflow_pools,
          uniq_erica

Skill      XL: |  1  2  3  4  5  6  7  8  9 10 |
---------------+-------------------------------+-----
Invocations    | 1 2 3 4 5 6 |  6.2
Short Blades   | 1 2 3 4 5 |  5.7
Long Blades    | 1 2 3 4 5 |  5.7
Maces & Flails | 1 2 3 4 5 |  5.7
Polearms       | 1 2 3 4 5 |  5.7
Staves         | 1 2 3 4 5 |  5.7
Ranged Weapons | 1 2 3 4 5 |  5.7
Throwing       | 1 2 3 4 5 |  5.7
Stealth        | 1 2 3 4 5 |  5.7
Shields        | 1 2 3 4 5 |  5.7
Unarmed Combat | 1 2 3 4 5 |  5.7
Spellcasting   | 1 2 3 4 5 |  5.7
Evocations     | 1 2 3 4 5 |  5.7
Conjurations   | 1 2 3 4 |  4.7
Hexes          | 1 2 3 4 |  4.7
Summonings     | 1 2 3 4 |  4.7
Necromancy     | 1 2 3 4 |  4.7
Translocations | 1 2 3 4 |  4.7
Transmutations | 1 2 3 4 |  4.7
Fire Magic     | 1 2 3 4 |  4.7
Ice Magic      | 1 2 3 4 |  4.7
Air Magic      | 1 2 3 4 |  4.7
Earth Magic    | 1 2 3 4 |  4.7
Poison Magic   | 1 2 3 4 |  4.7
Dodging        | 3 4 5 6 |  6.3
Armour         | 5 6 7 |  7.4
Fighting       | 7 8 |  8.8
Axes           | 7 8 |  8.8

Action                   |  1- 3 |  4- 6 |  7- 9 | 10-12 || total
-------------------------+-------+-------+-------+-------++-------
Melee: Hand axe          |    88 |   179 |       |       ||   267
       Bite              |     7 |    22 |    44 |    21 ||    94
       Punch             |     1 |     5 |       |       ||     6
       Quarterstaff      |       |       |   280 |   163 ||   443
Evoke: Piece from Xom's  |       |     1 |       |       ||     1
  Use: Scroll            |     4 |     6 |     8 |     7 ||    25
       Potion            |       |     1 |       |     2 ||     3
 Stab: Petrified         |       |     5 |       |       ||     5
       Confused          |       |     2 |     1 |       ||     3
       Sleeping          |       |     1 |    11 |     4 ||    16
       Paralysed         |       |       |       |     1 ||     1
Armor: Leather armour    |    35 |    84 |    16 |       ||   135
       Ring mail         |       |       |   119 |   109 ||   228
Dodge: Dodged            |    66 |   169 |   156 |   137 ||   528
Block: Other             |       |    12 |    57 |    53 ||   122

Table legend: (Time is in decaauts)
 A = Elapsed time spent in this place.
 B = Non-inter-level travel time spent in this place.
 C = Inter-level travel time spent in this place.
 D = Time resting spent in this place.
 E = Time spent auto-exploring this place.
 F = Levels seen in this place.
 G = Mean time per level.
                   A        B        C        D        E       F      G
               +--------+--------+--------+--------+--------+-----+--------+
         Total |   8391 |   8080 |    311 |     32 |   6485 |   9 |  932.3 |
       Dungeon |   8391 |   8080 |    311 |     32 |   6485 |   9 |  932.3 |
               +--------+--------+--------+--------+--------+-----+--------+

Top non-repeatable levels by time:
     D:8: 1414 daAuts
     D:6: 1269 daAuts
     D:7: 1134 daAuts
     D:4: 1019 daAuts
     D:2: 987 daAuts
     D:5: 930 daAuts
     D:1: 828 daAuts
     D:3: 780 daAuts
     D:9: 28 daAuts
